Map: Ruby Rock LE

Players

IIIIIIII

  • Race: Terran Terran
  • League: Diamond

zzzlife - Winner!

  • Race: Zerg Zerg
  • League: Diamond

VOD

Have the link to the VOD?

Description

Time

  • Played on: April 3, 2026, 5:30 a.m.
  • Length: 24:59
Show
View Real Time Build Order
Export as new Build Order

IIIIIIII Terran 

Build Orders:  

Get SALT Encoding   

  12  0:00  SCV  
  13  0:12  SCV  
  14  0:18  Supply Depot  
  14  0:24  SCV  
  15  0:40  SCV  
  16  0:44  Barracks  
  16  0:47  Refinery  
  16  0:54  SCV  
  17  1:06  Barracks, SCV  
  18  1:18  SCV  
  19  1:31  Orbital Command  
  19  1:32  Reaper  
  20  1:36  Supply Depot  
  20  1:53  Reaper  
  21  1:57  SCV  
  22  2:07  Reaper  
  23  2:10  Command Center  
  23  2:14  Refinery  
  23  2:18  SCV  
  24  2:30  SCV  
  24  2:32  Reaper  
  26  2:43  SCV  
  27  2:48  Command Center  
  27  2:50  Barracks Tech Lab  
  27  3:01  SCV  
  28  3:08  Factory  
  28  3:12  Marine x2  
  30  3:17  SCV  
  31  3:31  Marine x2  
  31  3:32  Stimpack  
  31  3:33  Orbital Command  
  33  3:34  SCV  
  34  3:43  Supply Depot  
  34  3:51  SCV, Marine  
  34  3:53  Barracks Reactor  
  36  3:57  Factory Tech Lab  
  36  4:00  Supply Depot  
  36  4:02  Orbital Command  
  36  4:03  SCV  
  36  4:05  SCV  
  36  4:09  Marine  
  39  4:20  Siege Tank  
  42  4:27  Marine  
  42  4:31  Marine x2  
  43  4:35  SCV, Starport  
  43  4:38  SCV x2  
  43  4:45  Marine  
  45  4:47  SCV  
  45  4:48  Marine x2  
  45  4:50  SCV, Barracks  
  49  4:55  Siege Tank  
  52  5:03  Marine  
  52  5:04  SCV  
  52  5:06  Engineering Bay, Marine  
  55  5:07  Engineering Bay  
  55  5:08  SCV x2  
  55  5:11  Refinery  
  57  5:14  Starport Reactor  
  57  5:16  SCV  
  57  5:20  SCV x2  
  60  5:23  Marine  
  60  5:24  Marine, Refinery, Combat Shield  
  60  5:28  SCV  
  63  5:29  Supply Depot  
  63  5:32  SCV x2  
  65  5:39  Marine  
  65  5:40  SCV  
  65  5:42  Barracks Reactor  
  67  5:44  Terran Infantry Weapons Level 1  
  67  5:45  Terran Infantry Armor Level 1  
  67  5:51  Barracks x2  
  67  5:52  Marine x2  
  69  5:57  Medivac  
  69  5:59  SCV x3  
  69  6:03  Supply Depot  
  74  6:10  Marine x3  
  77  6:11  SCV  
  77  6:12  Siege Tank  
  81  6:18  Orbital Command  
  81  6:19  Supply Depot  
  81  6:20  Supply Depot  
  81  6:21  Marine  
  82  6:26  Marine  
  82  6:27  Marine  
  82  6:29  Medivac  
  86  6:32  Marine  
  86  6:39  SCV x2  
  89  6:45  SCV  
  90  6:50  Marine x4  
  90  6:51  SCV x2  
  96  6:57  SCV  
  86  7:02  Marine  
  86  7:03  Marine x2  
  86  7:07  Marine x2  
  86  7:08  Marine x2  
  84  7:13  Siege Tank  
  87  7:18  Medivac  
  87  7:20  Marine x3  
  92  7:25  Marine x4  
  94  7:38  Marine x3  
  94  7:43  Marine x4  
  89  7:47  Siege Tank  
  89  7:49  SCV x2  
  94  7:56  Marine x2, Medivac  
  94  7:58  Armory  
  99  7:59  Barracks Reactor  
  99  8:01  Marine x3  
  99  8:04  Starport  
  101  8:07  Marine  
  101  8:14  Marine x2  
  101  8:19  Marine x3  
  95  8:25  Marine  
  94  8:31  Marine  
  94  8:32  Marine, SCV x2  
  94  8:33  SCV  
  99  8:36  Marine x2  
  99  8:37  Marine  
  102  8:42  Supply Depot x2  
  102  8:43  Supply Depot, Marine  
  102  8:44  SCV  
  102  8:45  SCV  
  105  8:49  Marine x4  
  105  8:54  Refinery x2  
  105  8:55  Starport Reactor  
  109  8:58  Barracks, Terran Infantry Weapons Level 2  
  109  8:59  Terran Infantry Armor Level 2  
  109  9:03  Barracks, Marine x3, SCV x3  
  109  9:07  Marine  
  117  9:10  Marine  
  117  9:12  Barracks Reactor  
  117  9:15  SCV x2  
  119  9:17  Marine, Marauder  
  119  9:19  Command Center, Siege Tank  
  119  9:21  Marine x2  
  127  9:25  Terran Vehicle Weapons Level 1  
  127  9:26  SCV  
  127  9:27  SCV  
  127  9:30  SCV  
  130  9:33  Marine x2  
  132  9:38  SCV  
  133  10:05  Marine x3, Marauder  
  128  10:17  Barracks Tech Lab x2  
  128  10:18  Liberator  
  128  10:19  Marine  
  132  10:26  Marine  
  133  10:30  Marine x2, Liberator x2, Marauder  
  143  10:39  Supply Depot  
  143  10:41  Marauder x2, Marine  
  143  10:42  Supply Depot  
  148  10:43  Supply Depot  
  148  10:49  Marine, Concussive Shells  
  148  10:50  Liberator  
  144  10:58  Marine x2  
  144  10:59  Marine x2  
  144  11:01  Marine, Thor  
  144  11:04  Supply Depot, Marauder x2  
  159  11:07  Marine  
  156  11:13  Liberator  
  156  11:16  Marine x2  
  153  11:19  Marine  
  153  11:20  Liberator x2  
  153  11:23  Barracks  
  153  11:25  Terran Infantry Weapons Level 3, Terran Infantry Armor Level 3  
  164  11:26  Marauder x2, Terran Ship Weapons Level 1  
  164  11:27  Barracks  
  164  11:35  Supply Depot  
  164  11:38  Sensor Tower  
  164  11:39  Medivac  
  166  11:41  Marine x3  
  166  11:42  Marine x2, Missile Turret  
  175  11:47  Marauder x2  
  175  11:56  Medivac  
  175  11:58  Armory  
  175  12:00  SCV  
  175  12:01  SCV x2  
  180  12:03  Medivac x2  
  188  12:08  Marauder x2  
  188  12:09  Planetary Fortress  
  188  12:22  Sensor Tower  
  188  12:23  Supply Depot  
  188  12:24  Supply Depot, SCV  
  188  12:31  SCV  
  188  12:38  Barracks Tech Lab  
  188  12:40  Barracks Tech Lab  
  188  12:44  Medivac, SCV x2  
  188  12:45  Marauder x2  
  188  12:46  Supply Depot  
  188  12:48  Supply Depot  
  196  12:52  Missile Turret x2  
  196  12:56  Supply Depot  
  196  13:03  Liberator, SCV  
  200  13:05  Command Center  
  200  13:10  Marine x2, SCV  
  200  13:12  Marine  
  200  13:13  Liberator  
  200  13:31  Sensor Tower  
  200  13:32  Refinery x2  
  200  13:37  Command Center  
  200  13:40  Starport  
  200  13:42  Starport  
  200  13:44  Factory  
  200  13:51  Missile Turret  
  152  14:17  Liberator x4  
  146  14:22  Terran Ship Weapons Level 2  
  158  14:24  Terran Vehicle And Ship Armor Level 1  
  158  14:28  Marine x4, Marauder x2  
  166  14:31  Starport Reactor  
  166  14:32  Factory Tech Lab  
  166  14:33  Starport Reactor  
  166  14:43  Armory  
  166  14:47  SCV x3  
  166  14:50  Marauder  
  171  14:58  Ghost Academy  
  171  14:59  SCV x2, Liberator  
  173  15:00  Liberator  
  179  15:13  Liberator x3, Thor  
  194  15:18  Refinery  
  194  15:19  Refinery  
  194  15:24  Sensor Tower  
  168  15:39  Marine x3, Marauder x2  
  165  15:46  Marine x3  
  165  15:47  Liberator x2  
  174  15:51  Personal Cloaking  
  174  15:52  Command Center  
  174  16:00  Marauder x2  
  178  16:11  Terran Vehicle Weapons Level 2  
  178  16:15  Marine x5  
  178  16:16  Thor  
  189  16:21  Ghost x2  
  193  16:27  Missile Turret  
  193  16:28  Missile Turret  
  173  16:49  Ghost  
  173  16:50  Marauder  
  177  16:57  Marine  
  178  17:04  Missile Turret  
  178  17:05  Missile Turret, Thor  
  178  17:07  SCV x3  
  187  17:11  Marauder  
  187  17:12  Command Center  
  173  17:50  Thor  
  179  17:57  Refinery  
  179  18:00  Refinery, Ghost  
  179  18:01  Ghost  
  179  18:03  Terran Ship Weapons Level 3  
  179  18:04  Terran Vehicle And Ship Armor Level 2  
  177  18:13  Marine  
  177  18:14  Marine x5  
  183  18:23  Planetary Fortress  
  183  18:29  Ghost, Nuke, Marine  
  183  18:31  Marine  
  183  18:32  Marine x4  
  191  18:41  Planetary Fortress  
  191  18:43  Planetary Fortress  
  191  18:45  Marine  
  191  18:46  Refinery x2  
  191  18:47  Command Center, Ghost  
  194  18:49  Marine x3  
  194  18:50  Marine x2  
  197  18:58  Ghost  
  197  18:59  Missile Turret x2  
  199  19:03  Marine  
  199  19:26  Ghost  
  199  19:28  Liberator  
  198  19:32  Neosteel Armor  
  198  19:33  Hi-Sec Auto Tracking  
  198  19:35  SCV  
  188  19:49  SCV x3  
  191  20:01  SCV  
  165  21:03  Marauder  
  165  21:04  Marauder  
  119  21:05  Marine x3  
  119  21:10  Planetary Fortress  
  122  21:25  Marauder  
  124  21:30  Ghost  
  124  21:32  Marine x3  
  123  21:33  Marine x3  
  123  21:35  Missile Turret  
  123  21:37  Missile Turret  
  123  21:38  SCV  
  124  21:40  Thor  
  124  21:45  Ghost  
  132  21:50  Marine x2, SCV  
  135  21:59  Ghost, Terran Vehicle And Ship Armor Level 3  
  135  22:00  Terran Vehicle Weapons Level 3  
  137  22:02  Starport  
  137  22:03  SCV, Starport  
  137  22:04  Factory  
  137  22:08  Starport  
  138  22:14  Ghost  
  138  22:15  Orbital Command  
  140  22:27  Ghost  
  122  22:38  Marine x3  
  122  22:39  Medivac x2  
  122  22:40  Thor  
  122  22:43  Marauder, Starport Reactor  
  137  22:54  Starport Reactor x2  
  137  22:56  Factory Tech Lab, Marauder  
  131  23:04  Marauder  
  133  23:09  Liberator x2  
  122  23:18  Marauder  
  98  23:21  Marine x3  
  98  23:22  Marine x2  
  98  23:26  Marauder  
  87  23:39  Marauder  
  87  23:40  Command Center  
  84  23:48  Liberator  
  81  23:49  Thor x2  
  99  24:01  Marauder  
  98  24:10  Marine x5, Marauder  
  98  24:11  Marine  
  87  24:22  Marauder  
  80  24:31  Marauder  
  80  24:34  SCV  
Show
View Real Time Build Order
Export as new Build Order

zzzlife Zerg - Winner!

Build Orders: Hatch First 

Get SALT Encoding   

  12  0:02  Drone  
  13  0:12  Drone  
  14  0:16  Extractor  
  14  0:17  Drone  
  15  0:36  Hatchery  
  15  0:41  Extractor, Drone  
  15  0:47  Overlord  
  15  1:02  Spawning Pool  
  14  1:06  Drone  
  14  1:09  Drone  
  16  1:13  Drone  
  16  1:17  Extractor  
  16  1:18  Drone  
  17  1:28  Drone  
  18  1:38  Extractor  
  18  1:39  Drone  
  18  1:49  Queen  
  18  1:50  Queen  
  18  1:54  Drone  
  23  1:57  Drone  
  23  2:01  Zergling x2  
  25  2:03  Zergling x2  
  26  2:10  Zergling x2  
  26  2:14  Zergling x2  
  28  2:22  Overlord  
  28  2:34  Metabolic Boost  
  28  2:37  Overlord  
  28  2:38  Overlord  
  29  2:44  Drone x2  
  30  3:00  Lair  
  30  3:01  Drone  
  30  3:02  Drone x2  
  30  3:04  Drone  
  34  3:11  Drone x2  
  34  3:12  Drone  
  37  3:15  Drone  
  37  3:17  Drone  
  39  3:20  Drone  
  40  3:28  Zergling x4  
  40  3:33  Zergling x2  
  40  3:34  Zergling x2  
  42  3:54  Zergling x10  
  47  3:57  Drone  
  47  4:01  Baneling Nest  
  47  4:04  Drone  
  47  4:06  Queen  
  50  4:12  Hatchery  
  49  4:18  Drone x3  
  50  4:32  Drone  
  50  4:33  Drone  
  50  4:37  Overlord x2  
  50  4:38  Overlord  
  52  4:44  Centrifugal Hooks  
  52  4:46  Extractor  
  51  4:58  Drone  
  51  4:59  Drone x3  
  55  5:03  Overlord  
  55  5:08  Zergling x2  
  56  5:14  Infestation Pit  
  56  5:17  Drone x4  
  59  5:25  Drone x5  
  64  5:29  Drone  
  64  5:32  Baneling x5  
  64  5:34  Zergling x2  
  64  5:35  Zergling x2  
  67  5:41  Zergling x2  
  68  5:45  Zergling x2  
  68  5:46  Zergling x2  
  71  5:50  Drone x3  
  71  5:53  Hive, Infestor  
  71  5:55  Zergling x2  
  76  6:03  Drone x2  
  76  6:04  Drone x2, Zergling x2  
  81  6:08  Zergling x2  
  81  6:09  Evolution Chamber  
  81  6:10  Evolution Chamber  
  80  6:13  Zergling x2  
  80  6:14  Zergling x2  
  82  6:19  Overlord x3  
  82  6:29  Overlord  
  81  6:34  Baneling x5  
  81  6:42  Zergling x12  
  81  6:43  Zergling x4  
  78  7:06  Zergling x2  
  78  7:07  Zergling x14  
  77  7:09  Zergling x2  
  77  7:14  Baneling x3  
  77  7:15  Zergling x2  
  78  7:18  Zergling x4  
  79  7:29  Zergling x2  
  79  7:30  Zergling x4  
  79  7:33  Spore Crawler  
  76  7:41  Zergling x6  
  73  7:47  Baneling x2  
  73  7:48  Baneling x2, Zergling x2  
  73  7:49  Zergling x6  
  77  7:54  Zergling x2  
  77  7:55  Zergling x2  
  79  7:58  Zergling x2  
  79  8:02  Zergling x2, Extractor  
  79  8:04  Hatchery  
  79  8:06  Hatchery  
  77  8:14  Zergling x2  
  77  8:15  Zergling x6  
  64  8:27  Baneling x2  
  64  8:28  Baneling x2, Zergling x2  
  64  8:29  Zergling x4  
  64  8:34  Ultralisk Cavern, Zerg Melee Weapons Level 1, Zerg Ground Armor Level 1  
  66  8:41  Extractor, Zergling x6  
  65  8:42  Zergling x6  
  65  8:44  Zergling x2  
  65  8:45  Baneling x3  
  72  8:54  Zergling x6  
  75  8:56  Baneling  
  75  8:57  Baneling  
  75  8:58  Zergling x2  
  75  9:01  Infestor  
  75  9:02  Zergling x4  
  80  9:10  Zergling x2  
  80  9:11  Zergling x8  
  80  9:15  Drone  
  86  9:24  Ultralisk x3  
  104  9:31  Anabolic Synthesis  
  96  10:20  Overlord  
  96  10:21  Overlord x6  
  92  10:30  Overlord  
  92  10:31  Overlord x3, Zerg Melee Weapons Level 2  
  92  10:32  Zerg Ground Armor Level 2  
  92  10:33  Chitinous Plating  
  92  10:43  Zergling x2  
  92  10:44  Zergling x16  
  92  10:45  Zergling x30  
  116  10:57  Zergling x14  
  108  11:27  Drone  
  108  11:28  Drone  
  108  11:29  Drone x11  
  121  11:42  Hatchery  
  121  11:45  Zergling x4  
  121  11:46  Ultralisk x4, Zergling x4  
  148  11:57  Ultralisk x2, Zergling x4, Extractor  
  148  12:00  Microbial Shroud  
  161  12:02  Extractor  
  161  12:03  Ultralisk  
  161  12:04  Zergling x2  
  161  12:05  Overlord x4  
  167  12:33  Hatchery  
  164  12:40  Infestor x3  
  164  12:42  Viper  
  173  12:45  Drone x8  
  173  12:49  Extractor  
  180  12:53  Viper  
  176  13:16  Infestor, Viper  
  181  13:34  Baneling  
  181  13:35  Baneling x7  
  181  13:36  Zergling x8  
  181  13:37  Zergling x22  
  196  13:48  Drone  
  158  14:11  Ultralisk  
  158  14:12  Ultralisk x2, Zergling x20  
  158  14:13  Zergling x2  
  166  14:20  Zergling x2  
  166  14:22  Zergling x2  
  167  14:27  Drone x3  
  170  14:37  Spire  
  170  14:38  Zerg Melee Weapons Level 3, Zerg Ground Armor Level 3  
  169  14:43  Extractor  
  169  14:45  Extractor  
  167  14:51  Ultralisk x2, Zergling x2  
  167  14:52  Zergling x14  
  187  15:00  Baneling  
  187  15:01  Baneling x10  
  187  15:08  Infestor  
  145  15:46  Corruptor x5  
  145  15:48  Zergling x20  
  156  15:57  Hatchery  
  156  16:03  Ultralisk x2, Zergling x8  
  171  16:14  Ultralisk, Zergling x2  
  171  16:15  Zergling x6  
  171  16:17  Baneling x5  
  181  16:39  Ultralisk, Zergling x2  
  184  16:40  Zergling x16  
  183  17:27  Zergling x2  
  183  17:28  Zergling x14  
  188  17:30  Baneling  
  188  17:31  Baneling x7  
  182  17:46  Overlord  
  182  17:47  Overlord x3  
  182  17:48  Overseer x7  
  182  17:49  Overseer  
  182  17:50  Overseer x4, Overlord  
  182  17:51  Overlord x9  
  176  18:13  Viper x3  
  176  18:14  Viper x2  
  176  18:16  Corruptor  
  176  18:18  Pneumatized Carapace  
  176  18:19  Drone  
  194  18:20  Drone x3  
  197  18:31  Hatchery  
  196  19:01  Evolution Chamber x2  
  196  19:02  Evolution Chamber x2  
  192  19:03  Evolution Chamber  
  192  19:06  Evolution Chamber  
  189  19:27  Overseer x12  
  189  19:29  Adrenal Glands, Zerg Missile Weapons Level 1  
  187  19:38  Extractor  
  182  19:39  Hatchery  
  182  19:43  Extractor  
  176  19:58  Zergling x2  
  176  19:59  Zergling x30  
  181  20:26  Ultralisk x3  
  181  20:27  Ultralisk  
  181  20:28  Overlord x4  
  182  20:36  Zergling x12  
  151  21:06  Drone x2  
  151  21:07  Drone x7  
  159  21:19  Ultralisk x4, Zergling x2  
  159  21:20  Zergling x2  
  185  21:26  Corruptor  
  187  21:46  Corruptor x3  
  185  21:47  Zergling x2  
  185  21:48  Zergling x8  
  185  21:53  Overseer x3  
  185  21:54  Overseer  
  192  21:55  Overlord x2  
  192  22:03  Hatchery  
  192  22:08  Zergling x12  
  195  22:13  Hatchery  
  184  22:30  Zergling x16  
  184  22:33  Zergling x4  
  184  22:34  Zergling x2  
  194  22:44  Zergling x2  
  194  22:45  Zergling x6  
  194  22:50  Baneling x4  
  198  22:51  Baneling  
  198  22:52  Baneling x6  
  171  23:17  Zergling x2  
  171  23:18  Zergling x18  
  171  23:35  Zergling x6  
  171  23:36  Zergling x6  
  174  23:46  Zergling x8  
  174  23:47  Baneling  
  174  23:48  Baneling x7  
  175  23:55  Spine Crawler  
  175  23:56  Spine Crawler  
  175  23:58  Spine Crawler, Zergling x2, Spore Crawler  
  175  23:59  Zergling x6  
  175  24:01  Spore Crawler  
  174  24:05  Spine Crawler  
  174  24:06  Spine Crawler  
  174  24:08  Spore Crawler  
  171  24:13  Spore Crawler  
  154  24:34  Zergling x2  
  154  24:35  Zergling x16  
Tags
 
Add a new tag
Caveats
  • Supply blocks, unpowered buildings, or Contaminate may cause inaccurate times.
  • Supply counts are checked every 10 seconds.